 Dungeon Crawl Stone Soup version 0.18-a0-337-g1235303 (webtiles) character file.

11542 FishmanTm the Nimble (level 11, -9/108 HPs)
             Began as a Merfolk Transmuter on Nov 28, 2015.
             Was an Elder of Cheibriados.
             Mangled by a seven-headed hydra (13 damage)
             ... on level 1 of the Lair of Beasts.
             The game lasted 00:32:46 (14013 turns).

FishmanTm the Nimble (Merfolk Transmuter)          Turns: 14013, Time: 00:32:47

Health: -9/108     AC:  6    Str: 21    XL:     11   Next: 79%
Magic:  6/14       EV: 30    Int: 23    God:    Cheibriados [****..]
Gold:   524        SH:  0    Dex: 32    Spells: 4 memorised, 0 levels left

rFire  x . .     SeeInvis .       - Unarmed
rCold  + + +     Clarity  .     (armour currently unavailable)
rNeg   . . .     SustAt   .     (shield currently unavailable)
rPois  +         Gourm    .     (helmet currently unavailable)
rElec  .         Spirit   .     (cloak currently unavailable)
rCorr  .         Warding  .     (gloves currently unavailable)
rMut   .         Stasis   .     (boots currently unavailable)
MR     .....                    (no amulet)
Stlth  ++++......               (no ring)
                                G - ring of protection from cold

@: agile, ice-form, drained, very slow, not resistant to hostile enchantments,
stealthy
A: (change form in water), (swift swim)
a: End Transformation, Bend Time, Temporal Distortion, Slouch, Renounce Religion


You were on level 1 of the Lair of Beasts.
You worshipped Cheibriados.
Cheibriados was greatly pleased with you.
You were hungry.
You were a creature of crystalline ice.
You visited 3 branches of the dungeon, and saw 13 of its levels.

You collected 524 gold pieces.

Inventory:

Missiles
 a - 170 arrows
 A - 10 arrows of frost
Armour
 H - a +0 steam dragon armour (melded)
Jewellery
 G - a ring of protection from cold (left front paw)
Wands
 v - a wand of lightning (8)
 y - a wand of invisibility (4)
 E - a wand of cold (6)
Scrolls
 e - a scroll of recharging
 f - a scroll of teleportation
 h - 4 scrolls of remove curse
 j - a scroll of magic mapping
 k - 2 scrolls of amnesia
 l - a scroll of immolation {unknown}
 r - 2 scrolls of enchant armour
 s - a scroll of identify
 w - 2 scrolls of noise {unknown}
Potions
 g - 3 potions of curing
 n - a potion of berserk rage {unknown}
 o - 3 potions of degeneration {unknown}
 q - 3 potions of brilliance
 t - a potion of resistance
 C - a potion of ambrosia {unknown}
 D - a potion of might {unknown}
 F - a potion of flight {unknown}
Books
 c - a book of Changes

   Spells                             Type                      Level
   a - Beastly Appendage              Transmutation                1
   b - Sticks to Snakes               Transmutation                2
   c - Spider Form                    Transmutation/Poison         3
   d - Ice Form                       Ice/Transmutation            4
   e - Blade Hands                    Transmutation                5
Comestibles
 b - 7 chunks of flesh
 d - 8 bread rations
 u - 4 beef jerkies
 x - a meat ration
 z - 3 fruits
 B - 8 slices of pizza


   Skills:
 - Level 9.7(9.5) Fighting
 - Level 13.3(13.1) Dodging
 - Level 11.3(11.1) Unarmed Combat
 - Level 2.0(1.8) Spellcasting
 + Level 8.1(8.0) Transmutations
 + Level 4.2(4.0) Invocations
 + Level 1.5(1.3) Evocations


You couldn't memorise any spells.
You knew the following spells:

 Your Spells              Type           Power        Failure   Level  Hunger
a - Ice Form              Ice/Trmt       ###.....     30%         4    #####..
b - Sticks to Snakes      Trmt           #####...     1%          2    ##.....
c - Spider Form           Trmt/Pois      ###.......   10%         3    ###....
d - Blade Hands           Trmt           #####.....   17%         5    ######.


Dungeon Overview and Level Annotations

Branches:
Dungeon (11/15)            Temple (1/1) D:7            Lair (1/8) D:10
    Orc (0/4) D:10

Altars:
Ashenzari
Cheibriados
Dithmenos
Elyvilon
Fedhas
Gozag
Kikubaaqudgha
Makhleb
Nemelex Xobeh
Okawaru
Qazlal
Ru
Sif Muna
Trog
Vehumet
Xom
Yredelemnul
Zin
The Shining One

Shops:
D:7 [   D:8 :

Annotations:
D:8 1 exclusion


Message History

The seven-headed hydra barely misses you.
The seven-headed hydra bites you! x2
* * * LOW HITPOINT WARNING * * *
The seven-headed hydra misses you.
The seven-headed hydra completely misses you.
The seven-headed hydra bites you!
* * * LOW HITPOINT WARNING * * *
The seven-headed hydra bites you!
* * * LOW HITPOINT WARNING * * *
Unknown command.
Unknown command.
Unknown command.
You punch the seven-headed hydra! You freeze the seven-headed hydra.
The seven-headed hydra seems to slow down.
The seven-headed hydra is moderately wounded.
The river rat completely misses you. x2
The yak completely misses you.
The seven-headed hydra closely misses you.
The seven-headed hydra bites you!
You die...

#.........#
#......>..#
##.........#
..........+
#.........#
#r..(.....#
#rY..$....#
#Yr..(..<.#
#rD.......#
##+..######
#....# #
#..# .## .#
.#


You could see a seven-headed hydra, a yak and 4 river rats.

Vanquished Creatures
  Pikel (D:5)
  2 hill giants (D:10)
  An ugly thing (D:11)
  Joseph (D:8)
  A gargoyle (D:10)
  A centaur skeleton (D:8)
  3 komodo dragons
  A trapdoor spider zombie (D:10)
  A deep elf mage (D:10)
  A hog (D:8)
  A steam dragon (D:10)
  8 yaks
  A human (D:8)
  Menkaure (D:5)
  A hungry ghost (D:8)
  An ice beast (D:10)
  The ghost of 4thArraOfDagon the Slasher, an amateur NaCK of Xom (D:4)
  3 phantoms
  A slave (D:5)
  3 orc warriors
  11 ogres
  6 centaurs
  6 sky beasts
  3 crocodiles
  A big kobold (D:10)
  5 giant frogs
  A water moccasin skeleton (D:4)
  A scorpion (D:8)
  7 killer bees
  11 wights
  4 quasits
  A wasp zombie (D:10)
  2 centaur zombies
  9 crimson imps
  An iguana (D:10)
  3 jellies
  5 orc priests
  2 giant frog skeletons
  5 hounds
  11 orc wizards
  4 sheep
  6 worker ants
  2 hound zombies
  2 hound skeletons
  8 adders
  13 gnolls
  3 river rats
  2 shadow imps
  An adder skeleton (D:8)
  2 worms
  5 giant geckos
  31 orcs
  5 ball pythons
  8 giant cockroaches
  12 hobgoblins
  14 jackals
  15 kobolds
  A quokka (D:9)
  11 bats
  A giant gecko skeleton (D:7)
  A giant gecko zombie (D:4)
  4 giant newts
  7 goblins
  A quokka zombie (D:6)
  5 rats
  A spectral orc (D:4)
294 creatures vanquished.

Vanquished Creatures (collateral kills)
  3 adders
  A giant cockroach (D:2)
4 creatures vanquished.

Grand Total: 298 creatures vanquished

Notes
Turn   | Place    | Note
--------------------------------------------------------------
     0 | D:1      | FishmanTm the Merfolk Transmuter began the quest for the Orb.
     0 | D:1      | Reached XP level 1. HP: 15/15 MP: 3/3
   303 | D:1      | Reached XP level 2. HP: 21/21 MP: 3/5
   429 | D:1      | Reached skill level 4 in Unarmed Combat
  1052 | D:2      | Reached XP level 3. HP: 22/26 MP: 4/6
  1176 | D:2      | Learned a level 2 spell: Sticks to Snakes
  1180 | D:2      | Learned a level 3 spell: Spider Form
  1538 | D:2      | Reached skill level 5 in Unarmed Combat
  1756 | D:2      | Reached XP level 4. HP: 12/32 MP: 2/7
  1757 | D:2      | You fall through a shaft!
  2262 | D:3      | Found a burning altar of Makhleb.
  2263 | D:3      | Found a radiant altar of Vehumet.
  2326 | D:3      | Reached XP level 5. HP: 23/37 MP: 0/8
  2710 | D:3      | Reached skill level 5 in Transmutations
  3002 | D:3      | Noticed an ogre
  3130 | D:3      | Killed an ogre
  3130 | D:3      | Reached XP level 6. HP: 19/43 MP: 6/9
  3495 | D:4      | Reached skill level 5 in Dodging
  3565 | D:4      | Found a shadowy altar of Dithmenos.
  3584 | D:4      | Reached skill level 6 in Dodging
  3584 | D:4      | Reached XP level 7. HP: 48/48 MP: 6/10
  3817 | D:4      | Reached skill level 7 in Dodging
  4030 | D:4      | Noticed 4thArraOfDagon's ghost (amateur NaCK)
  4046 | D:4      | Killed 4thArraOfDagon's ghost
  4046 | D:4      | Reached skill level 8 in Dodging
  4322 | D:4      | Found a shattered altar of Ashenzari.
  4345 | D:4      | Found a basalt altar of Yredelemnul.
  4852 | D:5      | Entered Level 5 of the Dungeon
  4856 | D:5      | Found a sacrificial altar of Ru.
  4934 | D:5      | Noticed Menkaure
  4946 | D:5      | Killed Menkaure
  4946 | D:5      | Reached skill level 9 in Dodging
  4946 | D:5      | Reached XP level 8. HP: 54/54 MP: 5/11
  5169 | D:5      | Reached skill level 10 in Dodging
  5378 | D:5      | Found a sparkling altar of Nemelex Xobeh.
  5661 | D:5      | Reached skill level 11 in Dodging
  6087 | D:5      | Noticed Pikel
  6107 | D:5      | Killed Pikel
  6107 | D:5      | Reached skill level 13 in Dodging
  6107 | D:5      | Reached XP level 9. HP: 54/59 MP: 10/12
  7170 | D:6      | Found a shimmering altar of Xom.
  8212 | D:7      | Found a staircase to the Ecumenical Temple.
  8276 | Temple   | Entered the Ecumenical Temple
  8474 | D:7      | Found a deep blue altar of Sif Muna.
  8551 | D:7      | Found a snail-covered altar of Cheibriados.
  8594 | D:7      | Found a bloodstained altar of Trog.
  8711 | D:7      | Became a worshipper of Cheibriados the Contemplative
  8738 | D:7      | Found Suwiocof's Armour Boutique.
  8845 | D:7      | Reached skill level 1 in Invocations
  9132 | D:8      | Noticed a centaur skeleton
  9150 | D:8      | Reached XP level 10. HP: 40/65 MP: 11/13
 10052 | D:8      | Reached * piety under Cheibriados
 10160 | D:8      | Found Ceorrom's Book Shop.
 10189 | D:8      | Noticed Joseph
 10203 | D:8      | Killed Joseph
 10203 | D:8      | Reached skill level 5 in Fighting
 10679 | D:9      | Noticed an angel
 10681 | D:9      | Found a glowing silver altar of Zin.
 10834 | D:9      | You fall through a shaft!
 10834 | D:10     | Entered Level 10 of the Dungeon
 10882 | D:9      | Found an opulent altar of Gozag.
 11214 | D:9      | Reached ** piety under Cheibriados
 11485 | D:10     | Found a staircase to the Lair.
 11510 | D:10     | HP: 3/82 [komodo dragon (29)]
 11966 | D:9      | Reached XP level 11. HP: 70/89 MP: 11/14
 12086 | D:9      | Reached skill level 10 in Unarmed Combat
 12154 | D:10     | Reached *** piety under Cheibriados
 12451 | D:10     | Found a staircase to the Orcish Mines.
 12514 | D:10     | Noticed a hill giant
 12533 | D:10     | Killed a hill giant
 12750 | D:10     | Learned a level 4 spell: Ice Form
 12784 | D:10     | Learned a level 5 spell: Blade Hands
 12938 | D:10     | Reached **** piety under Cheibriados
 13114 | D:11     | Noticed a skeletal warrior
 13120 | D:11     | Noticed a skeletal warrior
 13138 | D:11     | Noticed a skeletal warrior
 13271 | Lair:1   | Entered Level 1 of the Lair of Beasts
 13271 | Lair:1   | Noticed a seven-headed hydra
 13914 | D:10     | Noticed a hill giant
 13936 | D:10     | Killed a hill giant
 13936 | D:10     | Reached skill level 1 in Evocations
 14012 | Lair:1   | HP: 4/108 [seven-headed hydra (17)]
 14013 | Lair:1   | Mangled by a seven-headed hydra

Vault maps used:
D:1:      denvon_arrival_planthouse
D:3:      grunt_temple_overflow_lords_of_destruction
D:4:      yredelemnul_forgotten_temple_becter, lemuel_doored_altar,
          grunt_dithmenos_shadows
D:5:      nicolae_ru_great_annihilating_truth, kennysheep_mini_moat,
          first_bread, uniq_pikel, uniq_menkaure, uniq_grinder
D:6:      tgw_xom
D:7:      minitemple, minmay_temple_entry_butterflies, serial_shops,
          kennysheep_mini, led_sif_pool
D:8:      serial_shops, shop, grunt_livestock, disabler_island, uniq_joseph
D:9:      nicolae_gozag_seed_capital, zin_angel
D:10:     dpeg_lair_monsters, orc_0_dummy
Temple:   hc_temple_tempest_star_small
Lair:1:   st_stairs_5, lemuel_fruit_tree

Action                   |  1- 3 |  4- 6 |  7- 9 | 10-12 || total
-------------------------+-------+-------+-------+-------++-------
Melee: Unarmed           |   107 |   190 |   413 |   427 ||  1137
 Cast: Beastly Appendage |    23 |     6 |       |       ||    29
       Sticks to Snakes  |     3 |     2 |     3 |     7 ||    15
       Spider Form       |     1 |    16 |    45 |    45 ||   107
       Blade Hands       |       |       |       |     4 ||     4
       Ice Form          |       |       |       |     1 ||     1
Invok: Bend Time         |       |       |       |     3 ||     3
 Abil: End Transformatio |       |       |       |     1 ||     1
  Use: Scroll            |     2 |     3 |     8 |    11 ||    24
       Potion            |       |     1 |     1 |     1 ||     3
 Stab: Invisible         |       |       |     2 |       ||     2
       Paralysed         |       |       |     1 |       ||     1
  Eat: Chunk             |     4 |     9 |    18 |    19 ||    50
       Fruit             |       |       |     2 |       ||     2
       Meat ration       |       |       |     1 |       ||     1
       Pizza             |       |       |     1 |       ||     1
